 Dungeon Crawl Stone Soup version 0.20.1-1-g8b1a95d (webtiles) character file.

2830 mortelune the Basher (level 9, -7/57 HPs)
             Began as a Gargoyle Fighter on Nov 22, 2017.
             Was a Believer of Makhleb.
             Mangled by an orc warrior
             ... wielding a cursed -2 hand axe
              (12 damage)
             ... in a bailey.
             The game lasted 00:35:54 (6344 turns).

mortelune the Basher (Gargoyle Fighter)             Turns: 6344, Time: 00:35:55

Health: -7/57      AC: 16    Str: 24    XL:     9   Next: 73%
Magic:  13/13      EV:  6    Int:  8    God:    Makhleb [**....]
Gold:   344        SH:  9    Dex:  9    Spells: 8/8 levels left

rFire    . . .     SeeInvis .   d - +0 morningstar
rCold    . . .     Gourm    .   c - +0 shield
rNeg     + + .     Faith    .   y - +0 chain mail
rPois    ∞         Spirit   .   (no helmet)
rElec    +         Reflect  .   (no cloak)
rCorr    +         Harm     .   (no gloves)
MR       .....                  (no boots)
Stlth    ..........             K - amulet of regeneration
Regen    0.6/turn               z - ring of positive energy
MPRegen  0.2/turn               N - ring of resist corrosion

@: no status effects
A: negative energy resistance 1, electricity resistance, unbreathing,
petrification resistance, rot immunity, AC +5
a: Minor Destruction, Renounce Religion


You were in a bailey.
You worshipped Makhleb.
Makhleb was pleased with you.
You were hungry.

You visited 2 branches of the dungeon, and saw 9 of its levels.
You also visited: Sewer and Bailey.

You collected 344 gold pieces.

Inventory:

Hand Weapons
 a - a +0 flail
 d - a +0 morningstar (weapon)
 e - a +0 hunting sling
Missiles
 u - 109 sling bullets
 D - a throwing net (quivered)
Armour
 b - a +0 scale mail
 c - a +0 shield (worn)
 y - a +0 chain mail (worn)
 C - a +0 plate armour
Jewellery
 z - a ring of positive energy (left hand)
 K - an amulet of regeneration (around neck)
 N - a ring of resist corrosion (right hand)
Wands
 q - a wand of flame (9/48)
 P - a wand of flame (18/48)
Scrolls
 g - 2 scrolls of random uselessness {unknown}
 h - a scroll of fear
 i - 3 scrolls of remove curse
 m - 2 scrolls of blinking {unknown}
 p - a scroll of fog
 t - a scroll of immolation {unknown}
 w - 2 scrolls of enchant armour {unknown}
 B - a scroll of recharging {unknown}
 E - 2 scrolls of noise {unknown}
 G - a scroll of identify
 L - 3 scrolls of teleportation {unknown}
Potions
 j - 2 potions of flight
 k - 2 potions of brilliance
 n - a potion of resistance
 o - 3 potions of curing
 v - a potion of degeneration
 x - a potion of haste {unknown}
Books
 s - a book of Air

   Spells                             Type                      Level
   a - Shock                          Conjuration/Air              1
   b - Swiftness                      Charms/Air                   2
   c - Static Discharge               Conjuration/Air              3
   d - Airstrike                      Air                          4
   e - Lightning Bolt                 Conjuration/Air              5
 F - a book of Minor Magic

   Spells                             Type                      Level
   a - Magic Dart                     Conjuration                  1
   b - Blink                          Translocation                2
   c - Call Imp                       Summoning                    2
   d - Slow                           Hexes                        2
   e - Conjure Flame                  Conjuration/Fire             3
   f - Mephitic Cloud                 Conjuration/Poison/Air       3
 H - a book of Misfortune

   Spells                             Type                      Level
   a - Confusing Touch                Hexes                        1
   b - Confuse                        Hexes                        3
   c - Gell's Gravitas                Translocation                3
   d - Petrify                        Transmutation/Earth          4
   e - Metabolic Englaciation         Hexes/Ice                    5
   f - Yara's Violent Unravelling     Hexes/Transmutation          5
Comestibles
 f - 7 bread rations
 r - 6 royal jellies
 A - 2 meat rations
 O - 4 fruits


   Skills:
 + Level 7.4 Fighting
 * Level 8.4 Maces & Flails
 + Level 7.5 Armour
 - Level 3.2 Shields
 + Level 5.8 Invocations


You had 8 spell levels left.
You didn't know any spells.

Dungeon Overview and Level Annotations

Branches:
Dungeon (8/15)             Temple (1/1) D:5            Lair (0/6) D:8

Altars:
Ashenzari
Cheibriados
Dithmenos
Elyvilon
Fedhas
Gozag
Hepliaklqana
Kikubaaqudgha
Makhleb
Nemelex Xobeh
Okawaru
Qazlal
Ru
Sif Muna
Trog
Uskayaw
Vehumet
Xom
Yredelemnul
Zin
The Shining One

Shops:
D:4 %(==

Annotations:
D:3 exclusion: downstairs
D:4 Elmdore's ghost, amateur VSFi
D:6 2 transporters
D:7 exclusion: downstairs
D:8 Folque's ghost, novice OpWz


Innate Abilities, Weirdness & Mutations

You are resistant to torment.
Your stone body is resilient. (AC +5)
You are immune to poison.
You resist negative energy. (rN+)
You are resistant to electric shocks. (rElec)
You can survive without breathing.
You are immune to petrification.
You are immune to rotting.


Message History

The orc warrior barely misses you. The orc hits you but does no damage.
You block the orc's attack.
The orc hits you from afar with a spear.
You closely miss the orc warrior. The orc hits you but does no damage.
The orc warrior hits you but does no damage.
The orc hits you but does no damage.
The orc warrior hits you from afar with a halberd!
* * * LOW HITPOINT WARNING * * *
The orc closely misses you. You block the orc's attack.
The orc hits you but does no damage.
You closely miss the orc warrior. The orc hits you but does no damage.
The orc warrior hits you with an enchanted hand axe.
* * * LOW HITPOINT WARNING * * *
You block the orc's attack. The orc hits you but does no damage. x2
You block the orc's attack.
The orc warrior hits you from afar with a halberd!
* * * LOW HITPOINT WARNING * * *
The orc barely misses you.
The orc warrior hits you with an enchanted hand axe!
You die...

#.......#
#.......#
#.......#
#.......#
#.......#
#....oo.#
#∩..oooo#
#...oo)o#
##..∩)@##
#######


You could see 2 orc warriors and 7 orcs.

Vanquished Creatures
  The ghost of homeworkjunkie the Cleaver, a novice HOFi (D:6)
  Purgy (Sewer)
  An ice beast (D:7)
  2 sky beasts
  A necrophage (D:6)
  An orc warrior (Bailey)
  An ogre (D:5)
  2 centaurs (D:7)
  2 big kobolds
  2 bullfrogs
  A water moccasin zombie (D:5)
  3 scorpions
  A howler monkey (D:7)
  The ghost of mortelune the Covered, a weakling GrFi (D:3)
  A centaur zombie (D:5)
  2 bullfrog zombies
  3 hounds
  3 jellies
  3 orc priests
  5 orc wizards
  A centaur skeleton (D:8)
  An iguana (D:5)
  9 worker ants
  3 hound skeletons
  2 gnolls (D:1)
  5 adders
  An ooze (D:5)
  2 adder skeletons
  5 worms
  4 dart slugs
  4 leopard geckos
  26 orcs
  17 bats
  8 giant cockroaches
  10 goblins
  9 hobgoblins
  4 jackals (D:4)
  17 kobolds
  3 quokkas
  2 ball pythons
  6 frilled lizards
  A giant cockroach zombie (D:6)
  A quokka zombie (D:6)
  5 rats
183 creatures vanquished.

Vanquished Creatures (others)
  A sky beast (D:8)
  An iguana (D:8)
2 creatures vanquished.

Grand Total: 185 creatures vanquished

Notes
Turn   | Place    | Note
-------+----------+-------------------------------------------
     0 | D:1      | mortelune the Gargoyle Fighter began the quest for the Orb.
     0 | D:1      | Reached XP level 1. HP: 14/14 MP: 1/1
   133 | D:1      | Reached XP level 2. HP: 17/19 MP: 2/2
   548 | D:1      | Reached XP level 3. HP: 24/24 MP: 3/3
   802 | D:1      | Reached skill level 3 in Maces & Flails
  1030 | D:2      | Reached XP level 4. HP: 27/29 MP: 4/4
  1065 | D:2      | Found an iron altar of Okawaru.
  1112 | D:2      | Found a burning altar of Makhleb.
  1524 | D:2      | Became a worshipper of Makhleb the Destroyer
  1714 | D:3      | Noticed mortelune's ghost (weakling GrFi)
  1733 | D:3      | Killed mortelune's ghost
  1733 | D:3      | Reached XP level 5. HP: 16/33 MP: 5/5
  2439 | D:3      | Reached * piety under Makhleb
  2439 | D:3      | Reached skill level 1 in Invocations
  2653 | D:4      | Noticed Elmdore's ghost (amateur VSFi)
  2731 | D:4      | Found Foalebio's Antique Weapon Emporium.
  2781 | D:4      | Reached skill level 4 in Maces & Flails
  2781 | D:4      | Reached XP level 6. HP: 34/39 MP: 5/7
  3009 | D:4      | Found Tuaq's Jewellery Shoppe.
  3052 | D:4      | Found Hitaewon's Jewellery Boutique.
  3188 | D:4      | Found Oreorelu's Food Emporium.
  3265 | D:4      | Reached skill level 5 in Fighting
  3265 | D:4      | Reached skill level 5 in Armour
  3456 | D:5      | Entered Level 5 of the Dungeon
  3462 | D:5      | Found a staircase to the Ecumenical Temple.
  3505 | D:5      | Reached XP level 7. HP: 40/44 MP: 8/8
  3522 | D:5      | Reached skill level 5 in Maces & Flails
  3548 | D:5      | Found a glowing drain.
  3598 | Sewer    | Entered a sewer
  3804 | Sewer    | Noticed Purgy
  3828 | Sewer    | Killed Purgy
  4075 | D:5      | Reached XP level 8. HP: 38/50 MP: 10/10
  4266 | Temple   | Entered the Ecumenical Temple
  4438 | D:5      | Reached ** piety under Makhleb
  4439 | D:5      | Reached skill level 6 in Maces & Flails
  4745 | D:6      | Noticed homeworkjunkie's ghost (novice HOFi)
  4762 | D:6      | Killed homeworkjunkie's ghost
  4822 | D:6      | Found a sparkling altar of Nemelex Xobeh.
  4839 | D:6      | Reached skill level 7 in Maces & Flails
  4925 | D:6      | Reached XP level 9. HP: 56/56 MP: 12/12
  4967 | D:6      | Found a transporter.
  4967 | D:6      | Found a transporter.
  4987 | D:6      | Found a snail-covered altar of Cheibriados.
  5222 | D:6      | Found a shimmering altar of Xom.
  5342 | D:6      | Reached skill level 5 in Invocations
  5732 | D:7      | Reached skill level 8 in Maces & Flails
  5762 | D:7      | Found a shadowy altar of Dithmenos.
  6127 | D:8      | Noticed Folque's ghost (novice OpWz)
  6257 | D:8      | HP: 2/57 [orc priest/divine providence (15)]
  6284 | D:8      | Found a flagged portal.
  6294 | Bailey   | Entered a bailey
  6344 | Bailey   | Mangled by an orc warrior

Skill      XL: |  1  2  3  4  5  6  7  8  9 |
---------------+----------------------------+-----
Fighting       | 4 5 6 7 |  7.4
Maces & Flails | 3 4 5 7 8 |  8.4
Armour         | 4 5 6 7 |  7.5
Invocations    | 1 2 3 4 5 |  5.8
Shields        | |  3.2

Action                   |  1- 3 |  4- 6 |  7- 9 || total
-------------------------+-------+-------+-------++-------
Melee: Flail             |   102 |   134 |       ||   236
       Morningstar       |       |   136 |   432 ||   568
Invok: Minor Destruction |       |       |     1 ||     1
  Use: Scroll            |     2 |    10 |     2 ||    14
       Potion            |       |     2 |     3 ||     5
  Eat: Chunk             |     1 |     5 |     8 ||    14
       Bread ration      |       |     1 |       ||     1
Armor: Scale mail        |    57 |   137 |   124 ||   318
       Chain mail        |       |       |   311 ||   311
Dodge: Dodged            |    46 |    92 |   183 ||   321
Block: Shield            |    60 |   161 |   347 ||   568
